 Dungeon Crawl Stone Soup version 0.28-a0-991-g956f0ee3d5 (webtiles) character file.

Game seed: 7334880940365108153

1427 KennySheep the Destroyer (level 8, -16/41 HPs)
             Began as a Deep Elf Conjurer on Dec 5, 2021.
             Was a Priest of Fedhas.
             Hit by a large rock thrown by a cyclops (30 damage)
             ... on level 7 of the Dungeon.
             The game lasted 00:17:49 (8727 turns).

KennySheep the Destroyer (Deep Elf Conjurer)        Turns: 8727, Time: 00:17:50

Health: -16/41     AC:  4    Str:  4    XL:     8   Next: 44%
Magic:  16/20      EV: 11    Int: 32    God:    Fedhas [***...]
Gold:   236        SH:  0    Dex: 13    Spells: 7/21 levels left

rFire   . . .      SeeInvis .   u - +2 dagger (distort)
rCold   + . .      Faith    .   (no shield)
rNeg    . . .      Spirit   .   b - +0 leather armour
rPois   .          Reflect  .   (no helmet)
rElec   .          Harm     .   r - +0 cloak
rCorr   .          Rampage  .   (no gloves)
Will    .....                   (no boots)
Stlth   ++........              (no amulet)
HPRegen 0.13/turn               h - +6 ring of intelligence
MPRegen 0.17/turn               w - ring of protection from cold

@: no status effects
A: no striking features
a: Renounce Religion, Wall of Briars, Grow Ballistomycete


You were on level 7 of the Dungeon.
You worshipped Fedhas.
Fedhas was most pleased with you.
You visited 1 branch of the dungeon, and saw 7 of its levels.

You collected 353 gold pieces.
You spent 117 gold pieces at shops.

Inventory:

Hand Weapons
 u - a +2 dagger of distortion (weapon)
Missiles
 D - 2 boomerangs of dispersal
Armour
 b - a +0 leather armour (worn)
 r - a +0 cloak (worn)
Jewellery
 h - a +6 ring of intelligence (left hand)
 s - a ring of flight
 w - a ring of protection from cold (right hand)
 y - a ring of positive energy
 G - a ring of protection from cold
Wands
 a - a wand of paralysis (12)
 v - a wand of mindburst (11)
 C - a wand of digging (4)
Scrolls
 d - 4 scrolls of identify
 e - a scroll of immolation
 g - 6 scrolls of teleportation
 k - 2 scrolls of vulnerability
 m - a scroll of holy word {unknown}
 n - a scroll of fear
 p - 3 scrolls of magic mapping {unknown}
 q - a scroll of summoning {unknown}
 E - a scroll of blinking {unknown}
 F - a scroll of enchant weapon {unknown}
Potions
 c - a potion of cancellation {unknown}
 f - a potion of degeneration
 i - a potion of haste {unknown}
 j - a potion of might {unknown}
 l - 2 potions of magic
 o - 3 potions of heal wounds
 t - a potion of lignification {unknown}
 x - a potion of attraction {unknown}
 z - a potion of berserk rage {unknown}
 A - a potion of mutation {unknown}
 B - a potion of flight {unknown}
 H - a potion of curing


   Skills:
 + Level 1.5 Short Blades
 - Level 2.4 Dodging
 - Level 3.6 Stealth
 + Level 7.0 Spellcasting
 + Level 8.5 Conjurations
 + Level 4.4 Hexes
 + Level 4.6 Invocations


You had 7 spell levels left.
You knew the following spells:

 Your Spells              Type           Power      Damage    Failure   Level
a - Magic Dart            Conj           100%       1d8       1%          1
b - Searing Ray           Conj           100%       2d8       1%          2
c - Iskenderun's Mystic   Conj/Tloc      38%        2d9       13%         4
d - Dazzling Flash        Conj/Hex       100%       N/A       1%          3
e - Fulminant Prism       Conj/Hex       26%        3d14      4%          4

Your spell library contained the following spells:

 Spells                   Type           Power      Damage    Failure   Level
 Animate Skeleton         Necr           22%        N/A       8%          1
 Pain                     Necr           44%        1d6       8%          1
 Vampiric Draining        Necr           11%        2d6       22%         3


Dungeon Overview and Level Annotations

Branches:
Dungeon (7/15)             Temple (0/1) D:5

Altars:
Cheibriados
Elyvilon
Fedhas
Kikubaaqudgha
Ru
Trog
Uskayaw
Xom

Shops:
D:2 !


Message History

Okay, then.
The cyclops shouts!
The cyclops throws a large rock.
The large rock barely misses you.
You start waiting.
A cyclops is nearby!
You start waiting.
A cyclops is nearby!
The cyclops hits you!!
Ouch! That really hurt!
* * * LOW HITPOINT WARNING * * *
You hit the cyclops.
Space warps around the cyclops.
The cyclops is lightly wounded.
Casting: Magic Dart (safe; 1% risk of failure)
Confirm with . or Enter, or press ? or * to list all spells.
Casting: Dazzling Flash (safe; 1% risk of failure)
Press: ? - help, Dir - look around, f - activate The cyclops hits you but does no damage.
Casting: Dazzling Flash (safe; 1% risk of failure)
Confirm with . or Enter, or press ? or * to list all spells.
Casting: Dazzling Flash (safe; 1% risk of failure)
Press: ? - help, Dir - look around, f - activate The cyclops is dazzled.
The cyclops barely misses you.
You completely miss the cyclops.
The cyclops is lightly wounded.
The cyclops hits you but does no damage.
You hit the cyclops but do no damage.
Space warps around the cyclops.
The cyclops is moderately wounded.
You hit the cyclops but do no damage.
The cyclops is moderately wounded.
The cyclops blinks!
You start resting.
A cyclops is nearby!
Casting: Dazzling Flash (safe; 1% risk of failure)
Confirm with . or Enter, or press ? or * to list all spells.
You can't see any susceptible monsters within range! (Use Z to cast anyway.) Unknown command.
The cyclops throws a large rock.
The large rock hits you!!
Ouch! That really hurt!
You die...
Fedhas appreciates your contribution to the ecosystem.

##.##.. ###.......
##.........
###...#.)....
###...##.......
##...####.....C.
.###..C.##.........
...................
....####@####.(....
....##.....##.....
....#.......#...
....#.......#...
......._.......
.....#.......#....
.....#.......#....
.....##.....## ...
........####.####....


You could see a cyclops.

Vanquished Creatures
  A water moccasin (D:5)
  A sky beast (D:6)
  2 necrophages (D:6)
  A centaur (D:5)
  A phantom (D:5)
  A bullfrog (D:6)
  A scorpion (D:5)
  A wyvern skeleton (D:6)
  A centaur zombie (D:5)
  A hound (D:5)
  2 orc priests (D:3)
  A bullfrog skeleton (D:5)
  Crazy Yiuf (D:2)
  2 iguanas
  4 orc wizards
  Terence (D:3)
  A howler monkey zombie (D:5)
  Robin (D:3)
  4 gnolls (D:4)
  11 adders
  2 white imps
  An ufetubus (D:4)
  5 dart slugs
  21 orcs
  7 bats
  10 endoplasms
  4 giant cockroaches
  14 goblins
  12 hobgoblins
  2 jackals (D:4)
  5 quokkas
  8 ball pythons
  2 frilled lizards (D:2)
  7 kobolds
  19 rats
158 creatures vanquished.

Vanquished Creatures (others)
  A fulminant prism (D:7)
  2 fungi (D:2)
3 creatures vanquished.

Grand Total: 161 creatures vanquished

Notes
Turn   | Place    | Note
-------+----------+-------------------------------------------
     0 | D:1      | KennySheep the Deep Elf Conjurer began the quest for the
                  | Orb.
     0 | D:1      | Reached XP level 1. HP: 10/10 MP: 6/6
   260 | D:1      | Reached XP level 2. HP: 15/15 MP: 2/8
   784 | D:1      | Learned a level 2 spell: Searing Ray
   954 | D:1      | Reached skill level 5 in Conjurations
  1081 | D:1      | Reached XP level 3. HP: 19/19 MP: 7/10
  2361 | D:2      | Reached XP level 4. HP: 24/24 MP: 9/11
  2521 | D:2      | Found a faded altar of an unknown god.
  2541 | D:2      | Prayed at the altar of an unknown god.
  2541 | D:2      | Became a worshipper of Fedhas Madash
  2541 | D:2      | Reached * piety under Fedhas
  2565 | D:2      | Found Icletzoucva's Distillery.
  2581 | D:2      | Bought a potion of degeneration for 13 gold pieces
  2581 | D:2      | Bought a potion of heal wounds for 65 gold pieces
  2617 | D:2      | Learned a level 4 spell: Iskenderun's Mystic Blast
  2635 | D:2      | Bought a potion of curing for 39 gold pieces
  2901 | D:2      | Found a runed translucent door.
  2902 | D:2      | Noticed Crazy Yiuf
  2908 | D:2      | Killed Crazy Yiuf
  3132 | D:3      | Found a white marble altar of Elyvilon.
  3134 | D:3      | Noticed Terence
  3138 | D:3      | Killed Terence
  3139 | D:3      | Reached skill level 1 in Invocations
  3332 | D:3      | Reached XP level 5. HP: 28/28 MP: 9/13
  3496 | D:3      | Reached skill level 6 in Conjurations
  3504 | D:3      | HP: 1/28 [orc priest/divine providence (13)]
  3521 | D:3      | Reached XP level 6. HP: 20/32 MP: 2/15
  3705 | D:3      | Noticed Robin
  3710 | D:3      | Killed Robin
  3716 | D:3      | Reached ** piety under Fedhas
  3739 | D:3      | Reached skill level 5 in Spellcasting
  3943 | D:3      | Learned a level 3 spell: Dazzling Flash
  3948 | D:3      | Learned a level 4 spell: Fulminant Prism
  4210 | D:3      | Found a shimmering altar of Xom.
  4812 | D:4      | You fall into a shaft and drop 1 floor!
  4812 | D:5      | Entered Level 5 of the Dungeon
  4831 | D:5      | Reached skill level 1 in Hexes
  5110 | D:5      | Found a staircase to the Ecumenical Temple.
  5137 | D:5      | Reached skill level 7 in Conjurations
  5256 | D:5      | Reached XP level 7. HP: 30/36 MP: 10/17
  5462 | D:5      | Reached *** piety under Fedhas
  6811 | D:6      | Reached skill level 8 in Conjurations
  6811 | D:6      | Reached XP level 8. HP: 36/41 MP: 13/19
  7086 | D:6      | Found an ancient bone altar of Kikubaaqudgha.
  7091 | D:6      | Found a snail-covered altar of Cheibriados.
  7091 | D:6      | Found a sacrificial altar of Ru.
  7115 | D:6      | Found a bloodstained altar of Trog.
  7118 | D:6      | Found a blossoming altar of Fedhas.
  8181 | D:6      | Reached skill level 1 in Short Blades
  8565 | D:7      | Found a hide-covered altar of Uskayaw.
  8567 | D:7      | Identified the +0 scale mail of Purpose {Drain Fly rC-
                  | Slay+5}
  8694 | D:7      | Noticed a cyclops
  8727 | D:7      | Hit by a large rock thrown by a cyclops

Illustrated notes

Levels and vault maps discovered:
D:1:      lightli_arrival_farm, layout_basic, minmay_tall_x
D:2:      layout_loops_corners, serial_shops, shop,
          shapermc_ecumenical_altar_ellora, minmay_rat_hole,
          uniq_crazy_yiuf_cottage
D:3:      cheibrodos_pilgrimage, layout_loops_ring,
          mainiacjoe_overflow_surrounded_room, lemuel_tele_altar, uniq_terence,
          uniq_robin
D:4:      layout_basic, minivault_24, grunt_decor_cap, minmay_misc_feat_rows
D:5:      wad_river_or_something, layout_basic, minmay_temple_entry_slanted,
          bh_walls_and_bars
D:6:      layout_layer_cave, minmay_overflow_temple_star_hex,
          kennysheep_nondescript, chequers_jeans
D:7:      layout_cave_pods, old_standard_altar

Skill      XL: |  1  2  3  4  5  6  7  8 |
---------------+-------------------------+-----
Stealth        | 3 |  3.6
Conjurations   | 5 6 7 8 |  8.5
Spellcasting   | 4 5 6 7 |  7.0
Invocations    | 1 2 3 4 |  4.6
Hexes          | 1 3 4 |  4.4
Short Blades   | 1 |  1.5
Dodging        | |  2.4

Action                   |  1- 3 |  4- 6 |  7- 9 || total
-------------------------+-------+-------+-------++-------
Melee: Dagger            |       |    27 |    49 ||    76
 Cast: Magic Dart        |    94 |   152 |   115 ||   361
       Searing Ray       |       |     4 |     2 ||     6
       Dazzling Flash    |       |       |     2 ||     2
       Fulminant Prism   |       |       |     1 ||     1
  Use: Potion            |     1 |     4 |     1 ||     6
       Scroll            |     1 |       |     3 ||     4
Armor: Leather armour    |     2 |     8 |    15 ||    25
Dodge: Dodged            |     2 |    16 |    34 ||    52

Table legend: (Time is in decaauts)
 A = Elapsed time spent in this place.
 B = Non-inter-level travel time spent in this place.
 C = Inter-level travel time spent in this place.
 D = Time resting spent in this place.
 E = Time spent auto-exploring this place.
 F = Levels seen in this place.
 G = Mean time per level.
                   A        B        C        D        E       F      G
               +--------+--------+--------+--------+--------+-----+--------+
         Total |   8753 |   8485 |    268 |   1189 |   6401 |   7 | 1250.4 |
       Dungeon |   8753 |   8485 |    268 |   1189 |   6401 |   7 | 1250.4 |
               +--------+--------+--------+--------+--------+-----+--------+

Top non-repeatable levels by time:
     D:5: 1977 daAuts
     D:6: 1710 daAuts
     D:2: 1604 daAuts
     D:1: 1492 daAuts
     D:3: 1280 daAuts
     D:4: 460 daAuts
     D:7: 227 daAuts
